 Dungeon Crawl Stone Soup version 0.31.0-32-g396128a36d (webtiles) character file.

Game seed: 5030232061167018731

360 MollyMolluskus the Ruffian (level 6, -5/36 (43) HPs)
             Began as an Octopode Fighter on Mar 22, 2024.
             Slain by a wight
             ... wielding a +0 spear
              (7 damage)
             ... on level 4 of the Dungeon.
             The game lasted 00:09:16 (2684 turns).

MollyMolluskus the Ruffian (Octopode Fighter)       Turns: 2684, Time: 00:09:16

HP:   -5/36 (43)    AC:  1    Str: 17    XL:     6   Next: 65%
MP:   6/6           EV: 13    Int: 10    God:
Gold: 215           SH:  5    Dex: 12    Spells: 5/5 levels left

rFire   . .          .
                       - Unarmed
rCold   . . .        a - +0 buckler
rNeg    . . .        (helmet restricted)
rPois   .            (no amulet)
rElec   .            (no ring)
rCorr   .            (no ring)
SInv    .            (no ring)
Will    .....        (no ring)
Stlth   +++          (no ring)
HPRegen 0.26/turn    (no ring)
MPRegen 0.10/turn    (no ring)
                     (no ring)

%: no passive effects
@: heavily drained
A: almost no armour, amphibious, 8 rings, camouflage 1, gelatinous body 1,
(nimble swimmer 1), tentacles
a: no special abilities


You were on level 4 of the Dungeon.
You visited 1 branch of the dungeon, and saw 4 of its levels.

You collected 215 gold pieces.

Inventory:

Missiles
 c - 2 throwing nets
 g - 9 poisoned darts (quivered)
 k - 6 boomerangs
Armour
 a - a +0 buckler (worn)
Jewellery
 j - a ring of magical power
Wands
 i - a wand of charming (11)
Potions
 b - 2 potions of might
 d - 2 potions of heal wounds
 e - 2 potions of curing
 f - a potion of mutation {unknown}
 h - a potion of resistance


   Skills:
 + Level 4.0 Fighting
 + Level 4.0 Dodging
 + Level 3.4 Stealth
 + Level 3.9 Shields
 * Level 4.2 Unarmed Combat
 + Level 0.4 Evocations


You had 5 spell levels left.
You didn't know any spells.
Your spell library was empty.

Dungeon Overview and Level Annotations

Branches:
Dungeon (4/15)
 Temple: D:4-7

Altars:
Vehumet

Shops:
D:1 [


Innate Abilities, Weirdness & Mutations

You cannot wear most types of armour.
You are amphibious.
You can wear up to eight rings at the same time.
Your skin changes colour to match your surroundings (Stealth+).
Your rubbery body absorbs attacks. (AC +1, EV +1)
((You are camouflaged when in or above water. (Stealth+)))
You have tentacles for arms and can constrict up to eight enemies at once.


Message History

You destroy the wight!
The giant cockroach barely misses you. The wight barely misses you.
Your Fighting skill increases to level 4!
Unknown command.
You tentacle-slap the wight but do no damage.
Your grab misses the wight. Your squeeze misses the wight.
The giant cockroach closely misses you. The giant cockroach bites you.
The wight closely misses you. The wight hits you with a +0 spear!
Unknown command.
A wight comes into view. It is wielding a +2 flail.
The giant cockroach attacks as it pursues you!
The giant cockroach bites you. The wight hits you with a +0 spear.
* * * LOW HITPOINT WARNING * * *
You feel drained. The wight barely misses you.
Things that are here:
a +4 halberd; a +0 robe Unknown command.
You tentacle-slap the wight. Your grab misses the wight.
Your squeeze misses the wight.
The wight is lightly damaged.
The giant cockroach bites you.
* * * LOW HITPOINT WARNING * * *
The wight barely misses you. You block the wight's attack.
You feel much better. The giant cockroach bites you.
The wight hits you with a +0 spear! The wight misses you.
The wight closely misses you.
You tentacle-slap the wight. You grab the wight.
The wight is moderately damaged.
You constrict the wight. The giant cockroach closely misses you.
The wight hits you with a +0 spear.
You feel drained. The wight hits you with a +0 spear!
The wight closely misses you.
You barely miss the wight. You grab the wight. You constrict the wight.
You constrict the wight, but do no damage.
The giant cockroach bites you. You block the wight's attack.
The wight hits you with a +1 long sword!
* * * LOW HITPOINT WARNING * * *
You feel drained.
* * * LOW HITPOINT WARNING * * *
The wight hits you with a +0 spear!
You die...

.#..#.........##..........
#......).................
#..#....#.#####......##..
#..##...)## #........##..
#. ###...##........#. #. .
##............... .
##................
#.zB##...... ##@## ......
#..zz.# .##.: ...........
# . .....z.......
...........###
..........## .........##
..........


You could see 4 wights and a giant cockroach.

Vanquished Creatures
  Sigmund (D:3)
  A wight (D:4)
  6 gnolls (D:2)
  3 adders
  2 dart slugs (D:3)
  5 orcs
  4 ball pythons
  4 bats
  6 endoplasms
  5 giant cockroaches
  6 goblins
  4 hobgoblins
  2 jackals (D:2)
  5 quokkas
  5 frilled lizards
  4 kobolds
  4 rats
67 creatures vanquished.

Notes
Turn   | Place    | Note
-------+----------+-------------------------------------------
     0 | D:1      | MollyMolluskus the Octopode Fighter began the quest for the
                  | Orb.
     0 | D:1      | Reached XP level 1. HP: 16/16 MP: 1/1
   108 | D:1      | Reached XP level 2. HP: 19/21 MP: 2/2
   127 | D:1      | Found Kerr's Antique Armour Emporium.
   262 | D:1      | Reached skill level 1 in Stealth
   598 | D:1      | Reached XP level 3. HP: 26/26 MP: 3/3
   872 | D:2      | Reached XP level 4. HP: 10/31 MP: 4/4
  1665 | D:3      | Noticed Sigmund
  1675 | D:3      | Killed Sigmund
  1676 | D:3      | Reached XP level 5. HP: 37/37 MP: 5/5
  1676 | D:3      | Reached XP level 6. HP: 43/43 MP: 6/6
  2095 | D:3      | Found a radiant altar of Vehumet.
  2684 | D:4      | Slain by a wight

Illustrated notes

Levels and vault maps discovered:
D:1:      spicycebolla_arrival_clurvy, layout_basic, serial_shops, shop,
          st_stairs_7
D:2:      layout_loops_cross
D:3:      layout_basic, nicolae_vehumet_radiance, minmay_curled_crystal,
          serial_bayou_pond_c, uniq_sigmund
D:4:      layout_cave_pools, grunt_ashenzari_visionary
          [grunt_ashenzari_visionary_shoals, grunt_ashenzari_visionary_spider],
          nicolae_take_the_stairs

Skill      XL: |  1  2  3  4  5  6 |
---------------+-------------------+-----
Stealth        | 1 3 |  3.4
Unarmed Combat | 3 4 |  4.2
Dodging        | 4 |  4.0
Fighting       | 4 |  4.0
Shields        | |  3.9
Evocations     | |  0.4

Action                     |  1- 3 |  4- 6 || total
---------------------------+-------+-------++-------
  Melee: Unarmed           |    66 |    85 ||   151
         Constrict         |    17 |    24 ||    41
         Tentacles         |    16 |    15 ||    31
         Punch             |     1 |     3 ||     4
  Throw: Dart              |       |     4 ||     4
    Use: Scroll            |     4 |     5 ||     9
         Potion            |       |     1 ||     1
   Stab: Sleeping          |     2 |     8 ||    10
 Armour: Skin              |    20 |    33 ||    53
  Dodge: Dodged            |    43 |    44 ||    87
  Block: Buckler           |     6 |    20 ||    26
